 Dungeon Crawl Stone Soup version 0.25-a0-10-g2fe12d4 (webtiles) character file.

Game seed: 14706515464890353613, levelgen mode: deterministic

359 Firecrotchwizard the Magician (level 6, 0/32 HPs)
             Began as a Deep Elf Fire Elementalist on Oct 16, 2019.
             Slain by a wraith (10 damage)
             ... on level 10 of the Dungeon.
             The game lasted 00:12:12 (5284 turns).

Firecrotchwizard the Magician (DEFE)                Turns: 5284, Time: 00:12:12

Health: 0/32       AC:  3    Str:  5    XL:     6   Next: 37%
Magic:  7/15       EV: 13    Int: 22    God:
Gold:   119        SH:  0    Dex: 15    Spells: 1/14 levels left

rFire    . . .     SeeInvis .   s - +0 trident (pierce)
rCold    . . .     Gourm    .   (no shield)
rNeg     . . .     Faith    .   a - +0 robe
rPois    .         Spirit   .   g - +0 helmet (curse)
rElec    .         Reflect  .   (no cloak)
rCorr    .         Harm     .   (no gloves)
MR       .....                  (no boots)
Stlth    +++.......             (no amulet)
HPRegen  0.10/turn              (no ring)
MPRegen  0.14/turn              (no ring)

@: no status effects
A: no striking features
a: no special abilities


You were on level 10 of the Dungeon.
You were not hungry.

You visited 1 branch of the dungeon, and saw 6 of its levels.

You collected 119 gold pieces.

Inventory:

Hand Weapons
 h - a +0 dagger
   (You took it off a goblin on level 1 of the Dungeon)
 r - a +1 flail of crushing
   (You took it off an orc on level 3 of the Dungeon)
 s - a +0 trident of piercing (weapon)
   (You took it off an orc on level 3 of the Dungeon)
Missiles
 o - 6 poisoned darts
Armour
 a - a +0 robe (worn)
 g - a cursed +0 helmet (worn)
   (You found it on level 4 of the Dungeon)
Scrolls
 b - 2 scrolls of identify
 f - 2 scrolls of remove curse
 q - a scroll of enchant armour {unknown}
Potions
 d - a potion of berserk rage {unknown}
 e - 2 potions of flight
 i - a potion of magic {unknown}
 j - a potion of degeneration {unknown}
 k - a potion of brilliance {unknown}
 l - a potion of mutation {unknown}
 m - a potion of haste {unknown}
 p - a potion of might {unknown}
 t - a potion of curing {unknown}
Comestibles
 c - 4 rations
 u - a chunk of flesh {@w0}


   Skills:
 - Level 2.4 Dodging
 + Level 4.5 Stealth
 + Level 4.9 Spellcasting
 + Level 4.3 Conjurations
 + Level 4.7 Fire Magic


You had one spell level left.
You knew the following spells:

 Your Spells              Type           Power        Failure   Level  Hunger
a - Flame Tongue          Conj/Fire      ####.        1%          1    None
c - Conjure Flame         Conj/Fire      ####....     4%          3    ##.....
f - Fireball              Conj/Fire      ####......   41%         5    #####..
s - Sticky Flame          Conj/Fire      ####....     16%         4    ####...

Your spell library contained the following spells:

 Spells                   Type           Power        Failure   Level  Hunger
 Throw Flame              Conj/Fire      ####..       2%          2    None
 Inner Flame              Hex/Fire       ###.....     12%         3    ##.....


Dungeon Overview and Level Annotations

Branches:
Dungeon (7/15)
 Temple: D:4-7

Altars:
Cheibriados

Annotations:
D:2 exclusion: adder
D:3 1 runed translucent door, Crazy Yiuf, Robin, Sigmund
D:7 Joseph


Message History

You now have 13/15 mp.
Okay, then.
Aim: a bullfrog (moderately wounded)
The sticky flame hits the bullfrog.
The bullfrog is covered in liquid flames!
The bullfrog burns!
The bullfrog hits you.
You take 1 damage, and have 17/32 hp.
You now have 9/15 mp.
Aim: a bullfrog (severely wounded, covered in liquid flames)
The flame tongue hits the bullfrog!
The bullfrog burns!
You kill the bullfrog!
You now have 8/15 mp.
You see here a bullfrog corpse.
You butcher the bullfrog corpse.
u - 6 chunks of flesh {@w0} (gained 2)
You see here a bullfrog skeleton.
You start resting.
Health restored: 32; MP restored: 15 You open the door.
There is an open door here.
There is an open door here.
An adder comes into view.
You barely miss the adder. The adder bites you.
You take 1 damage, and have 31/32 hp.
You completely miss the adder. The adder bites you.
The adder barely misses you.
You take 4 damage, and have 27/32 hp.
You closely miss the adder. The adder bites you.
You take 1 damage, and have 26/32 hp.
Aim: an adder The flame tongue hits the adder!
The adder bites you but does no damage. The adder barely misses you.
You now have 14/15 mp.
Aim: an adder (severely wounded)
The flame tongue misses the adder.
The adder completely misses you.
You now have 13/15 mp.
Aim: an adder (severely wounded)
The flame tongue hits the adder!
You kill the adder!
You now have 12/15 mp.
You start resting.
Eating one of 6 chunks of flesh {@w0}.
You eat one of the 6 chunks of flesh {@w0}.
All of the chunks of flesh in your inventory have rotted away.
Health restored: 32; MP restored: 15
Found a stone staircase leading down.
You see here an adder corpse.
Okay, then.
Unknown command.
You butcher the adder corpse.
u - a chunk of flesh {@w0} You see here an adder skeleton. x2
b - 2 scrolls of identify (gained 1)
You fall into a shaft and drop 3 floors!
The shaft crumbles and collapses.
A wraith comes into view.
Attack whom?
Aim: a wraith (hasn't noticed you)
You reach to attack!
You catch the helpless wraith completely off-guard!
You hit the wraith but do no damage.
Aim: a wraith
Okay, then.
Aim: a wraith The flame tongue hits the wraith.
The wraith closely misses you.
You now have 14/15 mp.
Aim: a wraith (lightly damaged)
The flame tongue misses the wraith.
The wraith hits you.
You take 4 damage, and have 28/32 hp.
You now have 13/15 mp.
Aim: a wraith (lightly damaged)
The flame tongue hits the wraith but does no damage.
The wraith hits you!
You take 13 damage, and have 15/32 hp.
MASSIVE DAMAGE!!
You now have 12/15 mp.
Aim: a wraith (lightly damaged)
The flame tongue hits the wraith.
The wraith closely misses you.
You now have 11/15 mp.
Aim: a wraith (moderately damaged)
The flame tongue hits the wraith but does no damage.
The wraith hits you but does no damage.
You now have 10/15 mp.
Aim: a wraith (moderately damaged)
The flame tongue hits the wraith but does no damage.
The wraith misses you.
You now have 9/15 mp.
Aim: a wraith (moderately damaged)
The flame tongue hits the wraith.
The wraith hits you.
* * * LOW HITPOINT WARNING * * *
You take 6 damage, and have 9/32 hp.
Aim: a wraith (moderately damaged)
The flame tongue hits the wraith.
The wraith hits you but does no damage.
You now have 8/15 mp.
Aim: a wraith (heavily damaged)
The flame tongue misses the wraith.
The wraith barely misses you.
You now have 7/15 mp.
As you read the scroll labeled QYSABITENO, it crumbles to dust.
You assume a fearsome visage.
The wraith is unaffected.
It was a scroll of fear.
The wraith hits you!
You die...

#.########
#....@...#
#.....W......
#............
...............
...............
...............
##.............
#.............


You could see a wraith.

Vanquished Creatures
  A bullfrog (D:7)
  3 hounds
  4 gnolls
  7 adders
  A shadow imp (D:4)
  2 worms
  3 dart slugs
  2 leopard geckos (D:1)
  8 orcs
  A ball python (D:3)
  10 bats
  3 giant cockroaches
  10 goblins
  12 hobgoblins
  2 quokkas (D:2)
  5 frilled lizards
  6 kobolds
  3 rats (D:3)
83 creatures vanquished.

Notes
Turn   | Place    | Note
-------+----------+-------------------------------------------
     0 | D:1      | Firecrotchwizard the Deep Elf Fire Elementalist began the
                  | quest for the Orb.
     0 | D:1      | Reached XP level 1. HP: 10/10 MP: 6/6
    63 | D:1      | Reached XP level 2. HP: 15/15 MP: 4/8
   320 | D:1      | Reached skill level 2 in Conjurations
   938 | D:1      | Reached XP level 3. HP: 19/19 MP: 9/9
   942 | D:1      | Reached skill level 3 in Stealth
  1676 | D:2      | Reached XP level 4. HP: 20/24 MP: 7/11
  1718 | D:2      | Learned a level 3 spell: Conjure Flame
  1723 | D:2      | Learned a level 4 spell: Sticky Flame
  1757 | D:2      | Reached skill level 3 in Conjurations
  1978 | D:2      | Reached skill level 4 in Fire Magic
  2015 | D:2      | Found a faded altar of an unknown god.
  2060 | D:2      | Reached skill level 4 in Spellcasting
  2113 | D:2      | Found a snail-covered altar of Cheibriados.
  2695 | D:3      | Found a runed translucent door.
  2696 | D:3      | Noticed Crazy Yiuf
  2781 | D:3      | Reached XP level 5. HP: 13/28 MP: 11/13
  3429 | D:3      | Noticed Robin
  3859 | D:3      | Noticed Sigmund
  4712 | D:4      | Reached skill level 4 in Stealth
  4780 | D:4      | Reached skill level 4 in Conjurations
  4933 | D:4      | You fall into a shaft and drop 3 floors!
  4957 | D:7      | Noticed Joseph
  5000 | D:7      | Reached XP level 6. HP: 32/32 MP: 10/15
  5007 | D:7      | Learned a level 5 spell: Fireball
  5273 | D:7      | You fall into a shaft and drop 3 floors!
  5273 | D:10     | Entered Level 10 of the Dungeon
  5274 | D:10     | Noticed a wraith
  5284 | D:10     | Slain by a wraith

Levels and vault maps discovered:
D:1:      evilmike_arrival_hilbert_curve, layout_loops_corners
D:2:      layout_rooms, lemuel_crystal_altar, chequers_ecumenical_altar_lobes
D:3:      layout_loops_ring, uniq_robin, uniq_crazy_yiuf_cottage, uniq_sigmund
D:4:      layout_rooms, kennysheep_another_room, bh_walls_and_bars
D:7:      layout_basic, minitemple, nicolae_overflow_crystal_walls,
          minmay_temple_entry_arrows, kennysheep_decorative_pillar,
          uniq_prince_ribbit1, uniq_joseph
D:10:     gammafunk_jiyva_shrine, layout_irregular_city,
          chequers_serial_rivers_large_a, david_defended_altar_orc

Skill      XL: |  1  2  3  4  5 |
---------------+----------------+-----
Conjurations   | 2 3 4 |  4.3
Stealth        | 3 4 |  4.5
Fire Magic     | 4 |  4.7
Spellcasting   | 4 |  4.9
Dodging        | |  2.4

Action                   |  1- 3 |  4- 6 || total
-------------------------+-------+-------++-------
Melee: Unarmed           |     4 |       ||     4
       Dagger            |    42 |    68 ||   110
       Club              |    12 |       ||    12
       Trident           |       |    31 ||    31
 Cast: Flame Tongue      |    35 |    96 ||   131
       Sticky Flame      |       |     1 ||     1
  Use: Scroll            |       |     4 ||     4
 Stab: Sleeping          |     2 |     4 ||     6
       Distracted        |       |     1 ||     1
  Eat: Chunk             |     2 |    12 ||    14
Armor: Robe              |    20 |    25 ||    45
Dodge: Dodged            |    76 |   100 ||   176

Table legend:
 A = Non-vault XP
 B = Vault XP
 C = Vault XP percentage of total XP
 D = Non-vault monster count
 E = Vault monster count
 F = Vault count percentage of total count
                 A         B        C        D         E       F
            +---------+---------+-------+---------+---------+-------
      Total |     503 |      10 |   1.9 |      78 |       5 |   6.0
            +---------+---------+-------+---------+---------+-------
        D:1 |      50 |       0 |   0.0 |      20 |       0 |   0.0
        D:2 |     130 |       0 |   0.0 |      23 |       0 |   0.0
        D:3 |      67 |      10 |  13.0 |      26 |       5 |  16.1
        D:4 |     107 |       0 |   0.0 |       5 |       0 |   0.0
        D:7 |     149 |       0 |   0.0 |       4 |       0 |   0.0
            +---------+---------+-------+---------+---------+-------

Levels and vault maps discovered:
D:1:      evilmike_arrival_hilbert_curve, layout_loops_corners
D:2:      layout_rooms, lemuel_crystal_altar, chequers_ecumenical_altar_lobes
D:3:      layout_loops_ring, uniq_robin, uniq_crazy_yiuf_cottage, uniq_sigmund
D:4:      layout_rooms, kennysheep_another_room, bh_walls_and_bars
D:7:      layout_basic, minitemple, nicolae_overflow_crystal_walls,
          minmay_temple_entry_arrows, kennysheep_decorative_pillar,
          uniq_prince_ribbit1, uniq_joseph
D:10:     gammafunk_jiyva_shrine, layout_irregular_city,
          chequers_serial_rivers_large_a, david_defended_altar_orc

Table legend:
 A = Turns spent in this place as a percentage of turns spent in the entire game.
 B = Non-inter-level travel turns spent in this place as a percentage of non-inter-level travel turns spent in the entire game.
 C = Inter-level travel turns spent in this place as a percentage of turns spent in this place.
 D = Turns resting spent in this place as a percentage of non-inter-level travel turns spent in this place.
 E = Turns spent auto-exploring this place as a percentage of non-inter-level travel turns spent in this place.
 F = Non-inter-level travel turns spent in this place divided by the number of levels of this place that you've seen.
                   A       B       C       D       E      F
               +-------+-------+-------+-------+-------+----------------------
         Total | 100.0 | 100.0 |   1.6 |  46.3 |  38.0 | 866.8
       Dungeon | 100.0 | 100.0 |   1.6 |  46.3 |  38.0 | 866.8
               +-------+-------+-------+-------+-------+----------------------

Table legend:
 A = Kills in this place as a percentage of kills in entire the game.
 B = Kills by you in this place as a percentage of kills by you in the entire game.
 C = Kills by friends in this place as a percentage of kills by friends in the entire game.
 D = Other kills in this place as a percentage of other kills in the entire game.
 E = Experience gained in this place as a percentage of experience gained in the entire game.
 F = Experience gained in this place divided by the number of levels of this place that you have seen.
                   A       B       C       D       E      F
               +-------+-------+-------+-------+-------+----------------------
         Total | 100.0 | 100.0 |   N/A |   N/A | 100.0 |  85.5
       Dungeon | 100.0 | 100.0 |   N/A |   N/A | 100.0 |  85.5
               +-------+-------+-------+-------+-------+----------------------
